 Dungeon Sprint DCSS version 0.30-a0-1157-g2cc9ac7196 (webtiles) character file.

Game seed: 17252843280096120754

42928 123456 the Slayer (level 13, -27/155 HPs)
             Began as a Minotaur Fighter on Apr 24, 2023.
             Was an Initiate of Gozag.
             Killed from afar by a frost giant (60 damage)
             ... with a bolt of cold
             ... in the Dungeon (Sprint IX: "|||||||||||||||||||||||||||||").
             The game lasted 00:09:47 (3485 turns).

123456 the Slayer (Minotaur Fighter)                Turns: 3485, Time: 00:09:48

Health: -27/155    AC: 21    Str: 28    XL:     13   Next: 88%
Magic:  12/12      EV: 21    Int:  5    God:    Gozag
Gold:   10376      SH: 15    Dex: 20    Spells: 12/12 levels left

rFire   . . .        n - +9 morningstar (protect)
rCold   . . .        a - +1 tower shield
rNeg    . . .        p - +2 ring mail
rPois   +            C - +0 hat
rElec   .            I - +1 cloak {rPois}
rCorr   .            c - +1 pair of gloves {Dex+3}
SInv    .            u - +0 pair of boots
Will    .....        (no amulet)
Stlth   +            q - +3 ring of dexterity
HPRegen 0.45/turn    B - +6 ring of strength
MPRegen 0.13/turn

%: no teleportation
@: corroded, gold aura, under a protective aura
A: horns 2, retaliatory headbutt
a: Renounce Religion, Potion Petition, Call Merchant, Bribe Branch


You were in the Dungeon.
You worshipped Gozag.
Gozag was extremely pleased with you.
You visited 1 branch You collected 15392 gold pieces.
You spent 660 gold pieces at shops.
You paid 4356 gold pieces to Gozag.

Inventory:

Hand Weapons
 n - a +9 morningstar of protection (weapon)
Missiles
 y - 4 throwing nets (quivered)
Armour
 a - a +1 tower shield (worn)
 b - a +0 scale mail
 c - a +1 pair of gloves of dexterity (worn)
 p - a +2 ring mail (worn)
 u - a +0 pair of boots (worn)
 C - a +0 hat (worn)
 I - a +1 cloak of poison resistance (worn)
Jewellery
 q - a +3 ring of dexterity (left hand)
 r - a +2 ring of evasion
 w - a ring of magical power
 B - a +6 ring of strength (right hand)
 E - a ring of protection from cold
 F - a ring of ice
 G - a ring of fire
 H - a ring of protection from fire
Wands
 m - a wand of quicksilver (8)
 z - a wand of roots (7)
 D - a wand of mindburst (10)
Scrolls
 j - 3 scrolls of blinking
 l - 2 scrolls of amnesia
 s - a scroll of identify
 t - 3 scrolls of fear
 v - 2 scrolls of fog
 x - a scroll of silence
Potions
 d - 3 potions of might
 e - 10 potions of curing
 f - 7 potions of heal wounds
 g - 2 potions of haste
 h - 4 potions of magic
 i - a potion of berserk rage
 k - a potion of invisibility
 A - a potion of resistance


   Skills:
 * Level 25.9 Fighting
 * Level 25.7 Maces & Flails
 + Level 19.1 Armour
 + Level 17.3 Dodging
 - Level 3.6 Shields


You had 12 spell levels left.
You didn't know any spells.
Your spell library was empty.

Dungeon Overview and Level Annotations

Branches:
Dungeon (1/1)

Altars:
Cheibriados
Dithmenos
Elyvilon
Fedhas
Gozag
Hepliaklqana
Kikubaaqudgha
Makhleb
Nemelex Xobeh
Okawaru
Qazlal
Ru
Sif Muna
Trog
Uskayaw
Vehumet
Wu Jian
Xom
Yredelemnul
Zin
The Shining One
Jiyva
Lugonu

Shops:
D *([*

Annotations:
D Aizul


Innate Abilities, Weirdness & Mutations

You have a pair of horns on your head.
You reflexively headbutt those who attack you in melee.


Message History

You are too injured to fight recklessly!
Unknown command.
Unknown command.
Unknown command.
You are too injured to fight recklessly!
You are too injured to fight recklessly!
You hit the purple very ugly thing.
You kill the purple very ugly thing!
The entropy weaver is distracted by your dazzling golden aura.
The vault warden hits something with a +0 dire flail!!
Something hits the vault warden.
The vault warden is distracted by your dazzling golden aura.
Your frost giant gestures at the nagaraja while chanting.
The bolt of cold hits the nagaraja!!!
The nagaraja dies!
The bolt of cold hits the vault warden!!!
The vault warden is no longer distracted by gold.
The bolt of cold hits you!!!
* * * LOW HITPOINT WARNING * * *
The vault sentinel hits your frost giant with a +0 morningstar!
The entropy weaver shouts!
A slime creature comes into view.
The vault warden hits the slime creature with a +0 dire flail!!!
The slime creature dies!
Your frost giant hits the vault sentinel with a +1 battleaxe of freezing!!
Your frost giant freezes the vault sentinel.
The vault sentinel dies!
A vault warden comes into view. It is wielding a +0 great sword.
The vault warden shouts!
You see here 207 gold pieces.
The purple very ugly thing attacks as you move away!
You block the purple very ugly thing's attack.
The entropy weaver is no longer distracted by gold.
The vault warden hits something with a +0 dire flail!!
Your frost giant casts a spell at the purple very ugly thing.
The bolt of cold hits the vault warden!!!
The vault warden dies!
The bolt of cold hits you!!!
You die...
Your body crumbles into a pile of gold.

▓p▓.♣.♣.▓.▓.▓o▓.▓'
▓p▓.♣.♣.▓.▓.▓o▓.▓.
▓.▓.♣.♣.▓.▓.▓∩▓.▓.
▓.▓.♣.♣.▓.▓.▓.▓.▓.
▓9▓.♣.♣.▓.▓.▓∩▓.▓|
▓B▓.♣.♣.▓.▓.▓.▓.▓.
▓$▓.♣.♣.▓.▓.▓∩▓.▓.
▓u▓.♣.♣.▓.▓.▓.▓.▓.
▓@▓.♣.♣)▓.▓.▓∩▓.▓.
▓.▓.♣'♣.▓.▓.▓.▓.▓.
▓$▓.▓)▓.▓.▓.▓)▓.▓.
▓$▓.▓.▓.▓)▓.▓.▓.▓.
▓C▓.▓)▓.▓T▓.▓.▓.▓.
$
▓O▓.▓)▓.▓T▓.▓.▓.▓'
▓.▓.▓.▓.▓T▓.▓'▓.▓.
▓.▓.▓.▓.▓T▓.▓)▓.▓.
▓.▓.▓.▓.▓C▓.▓.▓.▓.


You could see a purple very ugly thing (ally target), an entropy weaver, a
peacekeeper, a neutral vault warden (distracted), a friendly frost giant and a
friendly ironbound thunderhulk (unaware).

Vanquished Creatures
  Frances (D)
  Gastronok (D)
  Donald (D)
  An emperor scorpion (D)
  A frost giant (D)
  2 very ugly things (D)
  Azrael (D)
  A bunyip (D)
  A fire dragon (D)
  Harold (D)
  3 ice dragons (D)
  An ogre mage (D)
  Erolcha (D)
  4 hydras (D)
  A spriggan air mage (D)
  A boulder beetle (D)
  A radroach (D)
  A deep troll shaman (D)
  A ghost crab (D)
  An alligator (D)
  5 death yaks (D)
  A deep troll earth mage (D)
  A pharaoh ant (D)
  A sea snake (D)
  An orb spider (D)
  An ironbound convoker (D)
  A steelbarb worm (D)
  5 orc knights (D)
  A wolf spider (D)
  A mana viper (D)
  2 manticores (D)
  An elephant (D)
  Maurice (D)
  A demonic crawler (D)
  2 black mambas (D)
  4 cane toads (D)
  A water nymph (D)
  An efreet (D)
  A komodo dragon (D)
  A yaktaur (D)
  A queen bee (shapeshifter) (D)
  A meliai (shapeshifter) (D)
  2 trolls (D)
  A wind drake (D)
  A tyrant leech (D)
  2 blink frogs (D)
  A slime creature (D)
  A culicivora (D)
  6 yaks (D)
  2 wraiths (D)
  A wyvern (D)
  A hog (shapeshifter) (D)
  A basilisk (D)
  A fire elemental (D)
  A redback (D)
  A naga (D)
  2 hell hounds (D)
  2 water moccasins (D)
  4 orc warriors (D)
  A wolf (D)
  2 bullfrogs (D)
  A howler monkey (D)
  An orc priest (D)
  A gnoll bouda (D)
  5 orc wizards (D)
  A gnoll (D)
  An adder (D)
  A shadow imp (D)
  An ufetubus (D)
  3 orcs (D)
  A ball python (D)
  An endoplasm (D)
  A giant cockroach (D)
  A goblin (D)
  A rat (D)
114 creatures vanquished.

Vanquished Creatures (collateral kills)
  A golden dragon (D)
  A nagaraja (D)
  A vault warden (D)
  A very ugly thing (D)
  A fire dragon (D)
  3 ice dragons (D)
  An ironbound frostheart (D)
  A deep troll earth mage (D)
  A shock serpent (D)
  A swamp dragon (D)
  An ironbound convoker (D)
  A lindwurm (D)
  An orc knight (D)
  An ugly thing (D)
  A black mamba (D)
  A vault sentinel (D)
  A yaktaur (D)
  3 hell hounds (D)
22 creatures vanquished.

Vanquished Creatures (others)
  A tengu reaver (D)
  A fire giant (D)
  A vault warden (D)
  A frost giant (D)
  A deep troll shaman (D)
  A satyr (D)
  An orc high priest (D)
  A naga warrior (D)
  Nergalle (D)
  A glowing orange brain (D)
  A salamander mystic (D)
  A bog body (D)
  An ironbound convoker (D)
  A necromancer (D)
  An orc sorcerer (D)
  2 orc knights (D)
  2 manticores (D)
  A will-o-the-wisp (D)
  A merfolk siren (D)
  A guardian serpent (D)
  A bloated husk (D)
  A snapping turtle (D)
  A slime creature (D)
  A vampire mosquito (D)
  A naga (D)
  An orc warrior (D)
  A boggart (D)
  2 orcs (D)
31 creatures vanquished.

Grand Total: 167 creatures vanquished

Notes
Turn   | Place    | Note
-------+----------+-------------------------------------------
     0 | D        | 123456 the Minotaur Fighter began the quest for the Orb.
     0 | D        | Reached XP level 1. HP: 19/19 MP: 0/0
     7 | D        | Reached skill level 1 in Dodging
    16 | D        | Noticed a gnoll bouda
    18 | D        | Reached skill level 5 in Fighting
    18 | D        | Reached XP level 2. HP: 29/29 MP: 1/1
    26 | D        | Reached XP level 3. HP: 37/37 MP: 2/2
    29 | D        | Reached skill level 5 in Maces & Flails
    29 | D        | Reached skill level 5 in Armour
    51 | D        | Found a snail-covered altar of Cheibriados.
    51 | D        | Found a shadowy altar of Dithmenos.
    51 | D        | Found a white marble altar of Elyvilon.
    51 | D        | Found a blossoming altar of Fedhas.
    51 | D        | Found an opulent altar of Gozag.
    52 | D        | Found a hazy altar of Hepliaklqana.
    53 | D        | Found a viscous altar of Jiyva.
    54 | D        | Found an ancient bone altar of Kikubaaqudgha.
    55 | D        | Found a corrupted altar of Lugonu.
    56 | D        | Found a burning altar of Makhleb.
    57 | D        | Found a sparkling altar of Nemelex Xobeh.
    58 | D        | Found an iron altar of Okawaru.
    63 | D        | Found a stormy altar of Qazlal.
    65 | D        | Became a worshipper of Gozag Ym Sagoz the Greedy
    69 | D        | Found a sacrificial altar of Ru.
    70 | D        | Found a shimmering blue altar of Sif Muna.
    71 | D        | Found a bloodstained altar of Trog.
    72 | D        | Found a hide-covered altar of Uskayaw.
    73 | D        | Found a radiant altar of Vehumet.
    74 | D        | Found an ornate altar of the Wu Jian Council.
    75 | D        | Found a shimmering altar of Xom.
    76 | D        | Found a basalt altar of Yredelemnul.
    77 | D        | Found a glowing silver altar of Zin.
    78 | D        | Found a glowing golden altar of the Shining One.
   130 | D        | Noticed a wraith
   130 | D        | Noticed a wraith
   130 | D        | Noticed a troll
   130 | D        | Noticed a yak
   130 | D        | Noticed a troll
   134 | D        | Killed a troll
   135 | D        | Reached skill level 5 in Dodging
   135 | D        | Reached XP level 4. HP: 49/50 MP: 3/3
   135 | D        | Reached XP level 5. HP: 55/57 MP: 4/4
   135 | D        | Reached XP level 6. HP: 62/64 MP: 5/5
   137 | D        | Killed a yak
   138 | D        | Reached skill level 10 in Fighting
   138 | D        | Reached skill level 10 in Maces & Flails
   143 | D        | Killed a troll
   144 | D        | Reached XP level 7. HP: 64/74 MP: 6/6
   150 | D        | Killed a wraith
   154 | D        | Killed a wraith
   181 | D        | Noticed a six-headed hydra
   181 | D        | Noticed an entropy weaver
   181 | D        | Noticed a yaktaur
   181 | D        | Noticed a five-headed hydra
   181 | D        | Noticed an eight-headed hydra
   192 | D        | Killed an eight-headed hydra
   192 | D        | an entropy weaver changed into a hog
   192 | D        | Noticed a hog (shapeshifter)
   193 | D        | Reached skill level 10 in Armour
   193 | D        | Reached XP level 8. HP: 34/88 MP: 7/7
   194 | D        | a yaktaur changed into a queen bee
   194 | D        | Noticed a queen bee (shapeshifter)
   200 | D        | Killed a five-headed hydra
   201 | D        | Reached XP level 9. HP: 50/96 MP: 8/8
   204 | D        | Killed a queen bee
   205 | D        | Reached skill level 15 in Fighting
   213 | D        | Killed a six-headed hydra
   214 | D        | Reached skill level 15 in Maces & Flails
   222 | D        | Reached skill level 10 in Dodging
   499 | D        | Noticed a cane toad
   499 | D        | Noticed a black mamba
   499 | D        | Noticed a komodo dragon
   502 | D        | Noticed an elephant
   507 | D        | Noticed a cane toad
   509 | D        | Killed a komodo dragon
   512 | D        | Killed a black mamba
   513 | D        | Reached XP level 10. HP: 99/108 MP: 9/9
   525 | D        | Killed a cane toad
   531 | D        | Killed an elephant
   537 | D        | Killed a cane toad
   619 | D        | Noticed a cane toad
   625 | D        | Killed a cane toad
   627 | D        | Noticed a cane toad
   650 | D        | Killed a cane toad
   700 | D        | Noticed a death yak
   700 | D        | Noticed a death yak
   700 | D        | Noticed a death yak
   703 | D        | Noticed a death yak
   706 | D        | Noticed a death yak
   711 | D        | Killed a death yak
   719 | D        | Killed a death yak
   720 | D        | Reached XP level 11. HP: 73/121 MP: 10/10
   727 | D        | Killed a death yak
   733 | D        | Killed a death yak
   738 | D        | Killed a death yak
   959 | D        | Noticed Harold
   972 | D        | Killed Harold
  1077 | D        | Noticed an orc knight
  1089 | D        | Killed an orc knight
  1245 | D        | Noticed an orc sorcerer
  1255 | D        | Noticed an orc knight
  1259 | D        | Killed an orc sorcerer
  1261 | D        | Killed an orc knight
  1304 | D        | Found Elad's General Store.
  1304 | D        | Noticed an orc knight
  1304 | D        | Noticed an orc knight
  1304 | D        | Noticed an orc high priest
  1304 | D        | Noticed an orc high priest
  1304 | D        | Noticed an orc high priest
  1305 | D        | Noticed an orc knight
  1306 | D        | Found Johuenot's Armour Shop.
  1306 | D        | Noticed an orc knight
  1308 | D        | Found Xamucw's Antique Weapon Boutique.
  1308 | D        | Noticed an orc high priest
  1308 | D        | Killed an orc knight
  1310 | D        | Found Meinn's General Store.
  1310 | D        | Noticed an orc knight
  1311 | D        | Noticed a sun demon
  1313 | D        | Killed an orc knight
  1313 | D        | Killed an orc high priest
  1314 | D        | Killed an orc knight
  1316 | D        | Noticed an orc high priest
  1316 | D        | Noticed an orc knight
  1317 | D        | Noticed an orc knight
  1326 | D        | Killed an orc knight
  1328 | D        | Killed an orc knight
  1376 | D        | Bought a potion of heal wounds for 65 gold pieces
  1382 | D        | Bought a scroll of blinking for 75 gold pieces
  1382 | D        | Bought 2 potions of curing for 60 gold pieces
  1382 | D        | Bought a potion of resistance for 100 gold pieces
  1382 | D        | Bought a +6 ring of strength for 360 gold pieces
  1400 | D        | Noticed Gastronok
  1421 | D        | Killed Gastronok
  1422 | D        | Reached skill level 15 in Armour
  1447 | D        | Noticed Maurice
  1458 | D        | Killed Maurice
  1684 | D        | Noticed a boulder beetle
  1684 | D        | Noticed an ogre mage
  1687 | D        | Killed an ogre mage
  1688 | D        | Noticed a tengu warrior
  1695 | D        | Killed a boulder beetle
  1696 | D        | Reached XP level 12. HP: 131/136 MP: 11/11
  1699 | D        | Noticed a spriggan air mage
  1702 | D        | Noticed a deep troll shaman
  1702 | D        | Killed a deep troll shaman
  1703 | D        | Noticed a frost giant
  1704 | D        | Noticed a white very ugly thing
  1712 | D        | Killed a white very ugly thing
  1712 | D        | Noticed a deep troll shaman
  1713 | D        | Noticed a deep troll earth mage
  2029 | D        | Noticed Donald
  2039 | D        | Noticed Azrael
  2041 | D        | Killed Donald
  2147 | D        | Noticed Frances
  2161 | D        | Killed Frances
  2162 | D        | Noticed Nergalle
  2172 | D        | Your ally Nergalle died
  2178 | D        | Killed a deep troll earth mage
  2182 | D        | Killed Azrael
  2188 | D        | Killed a frost giant
  2190 | D        | Killed a spriggan air mage
  2191 | D        | Reached skill level 15 in Dodging
  2194 | D        | Killed a deep troll shaman
  2543 | D        | Noticed a satyr
  2560 | D        | Killed a satyr
  2611 | D        | Noticed a radroach
  2611 | D        | Noticed an emperor scorpion
  2628 | D        | Killed an emperor scorpion
  2633 | D        | Reached XP level 13. HP: 125/148 MP: 12/12
  2819 | D        | Noticed a bunyip
  2829 | D        | Killed a bunyip
  2959 | D        | Noticed Aizul
  3039 | D        | Noticed Erolcha
  3046 | D        | Killed Erolcha
  3114 | D        | Noticed a cyan very ugly thing
  3114 | D        | Noticed a tengu reaver
  3114 | D        | Noticed a fire dragon
  3117 | D        | Killed a cyan very ugly thing
  3119 | D        | Noticed a golden dragon
  3122 | D        | Noticed a fire dragon
  3128 | D        | Noticed a fire giant
  3133 | D        | Killed a fire dragon
  3134 | D        | Killed a fire dragon
  3135 | D        | Noticed a frost giant
  3136 | D        | Killed a golden dragon
  3137 | D        | Noticed a frost giant
  3139 | D        | Noticed a frost giant
  3459 | D        | Noticed an ironbound thunderhulk
  3459 | D        | Noticed a vault warden
  3467 | D        | Noticed a vault warden
  3476 | D        | Killed a vault warden
  3477 | D        | Noticed a nagaraja
  3477 | D        | Noticed a purple very ugly thing
  3477 | D        | Noticed a cyan very ugly thing
  3480 | D        | Noticed a vault warden
  3483 | D        | Killed a purple very ugly thing
  3483 | D        | Killed a nagaraja
  3484 | D        | Noticed a vault warden
  3485 | D        | Killed a vault warden
  3485 | D        | Killed from afar by a frost giant

Illustrated notes

Levels and vault maps discovered:
D:        linesprint [early_d, line_temple, items_1, d_10, items_2, lair_1,
          lair_end, items_3, orc_1, orc_end, items_4, d_15, swamp_1, shoals_1,
          snake_1, spider_1, d_20, vaults_1, items_5, swamp_end, shoals_end,
          snake_end, spider_end, vaults_end, d_27, items_6, zot_1, zot_end,
          crypt_end, forest_end, elf_end, slime_end, tomb_end, abyss_end,
          pan_hell_end]

Skill      XL: |  1  2  3  4  5  6  7  8  9 10 11 12 13 |
---------------+----------------------------------------+-----
Fighting       | 5 9 11 13 14 16 18 21 23 25 | 25.9
Maces & Flails | 4 8 11 13 14 16 18 20 23 25 | 25.7
Armour         | 4 7 8 10 12 13 15 17 19 | 19.1
Dodging        | 1 2 5 6 8 9 10 12 13 15 17 | 17.3
Shields        | |  3.6

Action                     |  1- 3 |  4- 6 |  7- 9 | 10-12 | 13-15 || total
---------------------------+-------+-------+-------+-------+-------++-------
  Melee: Flail             |    19 |       |       |       |       ||    19
         Headbutt          |     4 |     1 |    12 |    81 |    21 ||   119
         Morningstar       |     4 |     9 |    62 |   284 |    69 ||   428
  Throw: Throwing net      |       |       |       |       |     3 ||     3
 Invoke: Potion Petition   |       |       |     1 |     1 |       ||     2
         Bribe Branch      |       |       |       |     1 |       ||     1
  Evoke: Wand              |       |       |       |     2 |       ||     2
    Use: Potion            |       |       |     3 |     1 |     1 ||     5
         Scroll            |       |       |     4 |     5 |       ||     9
   Stab: Invisible         |       |       |     6 |       |       ||     6
         Distracted        |       |       |       |     2 |     1 ||     3
 Armour: Scale mail        |     6 |       |       |       |       ||     6
         Ring mail         |     4 |     3 |    33 |    37 |    19 ||    96
  Dodge: Dodged            |    14 |    10 |    61 |    89 |    48 ||   222
  Block: Buckler           |     2 |     3 |    18 |    18 |       ||    41
         Tower shield      |       |       |       |    43 |    45 ||    88

Table legend: (Time is in decaauts)
 A = Elapsed time spent in this place.
 B = Non-inter-level travel time spent in this place.
 C = Inter-level travel time spent in this place.
 D = Time resting spent in this place.
 E = Time spent auto-exploring this place.
 F = Levels seen in this place.
 G = Mean time per level.
                   A        B        C        D        E       F      G
               +--------+--------+--------+--------+--------+-----+--------+
         Total |   3399 |   3355 |     44 |   1326 |    862 |   1 | 3399.0 |
       Dungeon |   3399 |   3355 |     44 |   1326 |    862 |   1 | 3399.0 |
               +--------+--------+--------+--------+--------+-----+--------+

Top non-repeatable levels by time:
       D: 3399 daAuts
